SR
UNION CITY HILLERS @ PHOENIX HOTSPUR ACADEMY
08/10/2034
 
TOP OF THE 1ST
Union City Hillers batting - Pitching for Phoenix Hotspur Academy : RHP Bob Norlander
Pitching: RHP Bob Norlander
Batting: SHB Mo Meaker 0-0: Ball
1-0: Ball
2-0: Swinging Strike
2-1: Ball
3-1: Base on Balls
Batting: RHB Arthur Cook 0-0: Ball
1-0: Foul Ball, location: 2F
1-1: Ball
2-1: Swinging Strike
2-2: Grounds into double play, 6-4-3 (Groundball, 6)
Batting: LHB Matsu Yoshida 0-0: Ball
1-0: Ball
2-0: Ball
3-0: Called Strike
3-1: Fly out, F9 (Flyball, 9)
Top of the 1st over - 0 runs, 0 hits, 0 errors, 0 left on base; Union City 0 - Phoenix 0
BOTTOM OF THE 1ST
Phoenix Hotspur Academy batting - Pitching for Union City Hillers : RHP Bernard Cook
Pitching: RHP Bernard Cook
Batting: RHB Paco González 0-0: Ball
1-0: Ball
2-0: Called Strike
2-1: Ground out 5-3 (Groundball, 56)
Batting: LHB Pancho Coloma 0-0: Ball
1-0: Called Strike
1-1: Ball
2-1: SINGLE (Line Drive, 9S)
Batting: RHB Brit Davis 0-0: Called Strike
0-1: Foul Ball, location: 2F
0-2: Ball
1-2: Ball
2-2: Ball
3-2: Foul Ball, location: 2F
3-2: Fly out, F6 (Line Drive, 6)
Batting: RHB Brad Lamb 0-0: Ball
1-0: Called Strike
1-1: Foul Ball, location: 2F
1-2: Ball
2-2: Ball
3-2: Foul Ball, location: 2F
3-2: Fly out, F1 (Line Drive, 15)
Bottom of the 1st over - 0 runs, 1 hit, 0 errors, 1 left on base; Union City 0 - Phoenix 0
TOP OF THE 2ND
Union City Hillers batting - Pitching for Phoenix Hotspur Academy : RHP Bob Norlander
Batting: LHB Seb Blanch 0-0: Swinging Strike
0-1: Swinging Strike
0-2: Ball
1-2: Ball
2-2: SINGLE (Groundball, 34D)
Batting: RHB Jesús Capmany 0-0: Called Strike
0-1: Ball
1-1: Ball
2-1: Ball
3-1: Foul Ball, location: 2F
3-2: DOUBLE (Line Drive, 7LD)
Seb Blanch to third
Runner from 3rd tries for Home, SAFE, no throw
Batting: RHB Steffen Jones 0-0: Ball
1-0: Ball
2-0: Foul Ball, location: 2F
2-1: Ball
3-1: Called Strike
3-2: Strikes out swinging
Batting: RHB Tony Juderías 0-0: Fly out, F4 (Line Drive, 6M)
Batting: RHB Artur Nugaev 0-0: Ball
1-0: Ball
2-0: Foul Ball, location: 2F
2-1: Foul Ball, location: 2F
2-2: Ground out 4-3 (Groundball, 4)
Top of the 2nd over - 1 run, 2 hits, 0 errors, 1 left on base; Union City 1 - Phoenix 0
BOTTOM OF THE 2ND
Phoenix Hotspur Academy batting - Pitching for Union City Hillers : RHP Bernard Cook
Batting: RHB Nathan Pruitt 0-0: Ball
1-0: Fly out, F7 (Flyball, 7LM)
Batting: RHB Ronnie Wise 0-0: Called Strike
0-1: Called Strike
0-2: Ground out 5-3 (Groundball, 56S)
Batting: LHB Daniel Joseph 0-0: Ball
1-0: Called Strike
1-1: Fly out, F8 (Flyball, 8LD)
Bottom of the 2nd over - 0 runs, 0 hits, 0 errors, 0 left on base; Union City 1 - Phoenix 0
TOP OF THE 3RD
Union City Hillers batting - Pitching for Phoenix Hotspur Academy : RHP Bob Norlander
Batting: RHB Guaire O'Clavin 0-0: Ball
1-0: Ball
2-0: Called Strike
2-1: Called Strike
2-2: Ball
3-2: Base on Balls
Batting: SHB Mo Meaker 0-0: Ball
1-0: Called Strike
1-1: 2-RUN HOME RUN (Flyball, 89XD), Distance : 394 ft
Batting: RHB Arthur Cook 0-0: Called Strike
0-1: Ball
1-1: Fly out, F9 (Flyball, 89D)
Batting: LHB Matsu Yoshida 0-0: Fly out, F5 (Line Drive, 5)
Batting: LHB Seb Blanch 0-0: Fly out, F5 (Line Drive, 56)
Top of the 3rd over - 2 runs, 1 hit, 0 errors, 0 left on base; Union City 3 - Phoenix 0
BOTTOM OF THE 3RD
Phoenix Hotspur Academy batting - Pitching for Union City Hillers : RHP Bernard Cook
Batting: RHB Frank Ray 0-0: Called Strike
0-1: Ball
1-1: Swinging Strike
1-2: Ball
2-2: Foul Ball, location: 2F
2-2: Reached on error, E6 (Flyball, 6D)
Batting: SHB Bernardo Pacheco 0-0: Ball
1-0: Called Strike
1-1: Swinging Strike
1-2: Foul Ball, location: 2F
1-2: SINGLE (Groundball, 34D)
Frank Ray to second
Runner from 2nd tries for 3rd, OUT!
Batting: RHB Paco González 0-0: Ball
1-0: Called Strike
1-1: SINGLE (Line Drive, 89S)
Bernardo Pacheco to second
Batting: LHB Pancho Coloma 0-0: Ball
1-0: Ball
2-0: Called Strike
2-1: Ball
3-1: SINGLE (Groundball, 4MD)
Bernardo Pacheco to third
Paco González to second
Runner from 3rd tries for Home, SAFE, throw made home
Now in CF: Joe Gram
Batting: RHB Brit Davis 0-0: Ball
1-0: Foul Ball, location: 2F
1-1: Ball
2-1: Ball
3-1: Base on Balls
Paco González to third
Pancho Coloma to second
Batting: RHB Brad Lamb 0-0: Swinging Strike
0-1: Ball
1-1: Ball
2-1: Ball
3-1: Called Strike
3-2: Strikes out swinging
Batting: RHB Nathan Pruitt 0-0: Called Strike
0-1: Swinging Strike
0-2: Strikes out swinging
Bottom of the 3rd over - 1 run, 3 hits, 1 error, 3 left on base; Union City 3 - Phoenix 1
TOP OF THE 4TH
Union City Hillers batting - Pitching for Phoenix Hotspur Academy : RHP Bob Norlander
Batting: RHB Jesús Capmany 0-0: Ball
1-0: Ball
2-0: Fly out, F9 (Flyball, 9LS)
Batting: RHB Steffen Jones 0-0: Ball
1-0: Ball
2-0: Called Strike
2-1: Foul Ball, location: 2F
2-2: Foul Ball, location: 2F
2-2: Ball
3-2: Ground out U3 (Groundball, 3)
Batting: RHB Tony Juderías 0-0: Swinging Strike
0-1: Swinging Strike
0-2: DOUBLE (Flyball, 8LD)
Batting: RHB Artur Nugaev 0-0: Ball
1-0: Foul Ball, location: 2F
1-1: Foul Ball, location: 2F
1-2: SINGLE (Groundball, 56D)
Tony Juderías to third
Runner from 3rd tries for Home, SAFE, no throw
Batting: RHB Guaire O'Clavin 0-0: Swinging Strike
0-1: Fly out, F8 (Flyball, 8LD)
Top of the 4th over - 1 run, 2 hits, 0 errors, 1 left on base; Union City 4 - Phoenix 1
BOTTOM OF THE 4TH
Phoenix Hotspur Academy batting - Pitching for Union City Hillers : RHP Bernard Cook
Batting: RHB Ronnie Wise 0-0: Ball
1-0: Foul Ball, location: 2F
1-1: Ball
2-1: Ball
3-1: Called Strike
3-2: Fly out, F7 (Flyball, 7LSF)
Batting: LHB Daniel Joseph 0-0: Foul Ball, location: 2F
0-1: Foul Ball, location: 2F
0-2: SINGLE (Flyball, 8RS)
Batting: RHB Frank Ray 0-0: Foul Ball, location: 2F
0-1: Called Strike
0-2: Fly out, F9 (Flyball, 89S)
Batting: SHB Bernardo Pacheco 0-0: Ball
Wild Pitch!
Daniel Joseph to second
1-0: Called Strike
1-1: Foul Ball, location: 2F
1-2: Foul Ball, location: 2F
1-2: Foul Ball, location: 2F
1-2: Foul Ball, location: 2F
1-2: Fly out, F7 (Flyball, 7D)
Bottom of the 4th over - 0 runs, 1 hit, 0 errors, 1 left on base; Union City 4 - Phoenix 1
TOP OF THE 5TH
Union City Hillers batting - Pitching for Phoenix Hotspur Academy : RHP Bob Norlander
Batting: SHB Mo Meaker 0-0: Ball
1-0: Ball
2-0: Called Strike
2-1: Called Strike
2-2: Strikes out swinging
Batting: RHB Arthur Cook 0-0: Swinging Strike
0-1: Called Strike
0-2: Foul Ball, location: 2F
0-2: Fly out, F9 (Line Drive, 9LS)
Batting: RHB Joe Gram 0-0: Ball
1-0: Swinging Strike
1-1: Called Strike
1-2: Strikes out swinging
Top of the 5th over - 0 runs, 0 hits, 0 errors, 0 left on base; Union City 4 - Phoenix 1
BOTTOM OF THE 5TH
Phoenix Hotspur Academy batting - Pitching for Union City Hillers : RHP Bernard Cook
Batting: RHB Paco González 0-0: Ball
1-0: Ball
2-0: Foul Ball, location: 2F
2-1: Fly out, F7 (Flyball, 78M)
Batting: LHB Pancho Coloma 0-0: Ball
1-0: Foul Ball, location: 2F
1-1: Fly out, F4 (Line Drive, 4)
Batting: RHB Brit Davis 0-0: Called Strike
0-1: Called Strike
0-2: Strikes out swinging
Bottom of the 5th over - 0 runs, 0 hits, 0 errors, 0 left on base; Union City 4 - Phoenix 1
TOP OF THE 6TH
Union City Hillers batting - Pitching for Phoenix Hotspur Academy : RHP Bob Norlander
Batting: LHB Seb Blanch 0-0: Foul Ball, location: 2F
0-1: Foul Ball, location: 2F
0-2: Ball
1-2: Foul Ball, location: 2F
1-2: Strikes out swinging
Batting: RHB Jesús Capmany 0-0: Ball
1-0: Called Strike
1-1: SINGLE (Line Drive, 6M)
Batting: RHB Steffen Jones 0-0: Ball
1-0: Ball
2-0: Called Strike
2-1: Foul Ball, location: 2F
2-2: Ball
Balk!
Jesús Capmany to second
3-2: Base on Balls
Batting: RHB Tony Juderías 0-0: Ball
1-0: Swinging Strike
1-1: Ball
2-1: Fly out, F5 (Popup, 5SF)
Batting: RHB Artur Nugaev 0-0: Ball
1-0: Swinging Strike
1-1: Called Strike
1-2: Ball
2-2: Foul Ball, location: 2F
2-2: Ball
3-2: Base on Balls
Jesús Capmany to third
Steffen Jones to second
Pitching: RHP Jorge Torres
Batting: RHB Guaire O'Clavin 0-0: Ball
1-0: Fly out, F8 (Flyball, 8RS)
Top of the 6th over - 0 runs, 1 hit, 0 errors, 3 left on base; Union City 4 - Phoenix 1
BOTTOM OF THE 6TH
Phoenix Hotspur Academy batting - Pitching for Union City Hillers : RHP Bernard Cook
Batting: RHB Brad Lamb 0-0: Called Strike
0-1: Ball
1-1: Foul Ball, location: 2F
1-2: Ball
2-2: DOUBLE (Flyball, 78D)
Batting: RHB Nathan Pruitt 0-0: Ball
1-0: Fly out, F5 (Line Drive, 5)
Batting: RHB Ronnie Wise 0-0: Called Strike
0-1: Ball
1-1: Ball
2-1: Ball
3-1: Base on Balls
Batting: LHB Daniel Joseph 0-0: Ball
1-0: Ball
2-0: Called Strike
2-1: Ball
3-1: Fly out, F9 (Line Drive, 9)
Runner from 2nd tags up, SAFE at 3rd with throw
Pitching: LHP Wally Blue
Batting: RHB Frank Ray 0-0: Ball
1-0: Called Strike
1-1: Ball
2-1: Called Strike
2-2: SINGLE (Flyball, 9LS)
Brad Lamb scores
Ronnie Wise to second
Runner from 2nd tries for 3rd, SAFE, throw made to third
Batting: SHB Bernardo Pacheco 0-0: Swinging Strike
0-1: Swinging Strike
0-2: Foul Ball, location: 2F
0-2: Ball
1-2: Ball
2-2: Strikes out swinging
Bottom of the 6th over - 1 run, 2 hits, 0 errors, 2 left on base; Union City 4 - Phoenix 2
TOP OF THE 7TH
Union City Hillers batting - Pitching for Phoenix Hotspur Academy : RHP Jorge Torres
Batting: SHB Mo Meaker 0-0: DOUBLE (Line Drive, 89XD)
Batting: RHB Arthur Cook 0-0: Intentional Walk
Batting: RHB Joe Gram 0-0: Called Strike
0-1: Foul Ball, location: 2F
0-2: Ball
1-2: Strikes out looking
Batting: LHB Seb Blanch 0-0: Ball
1-0: Swinging Strike
1-1: Fly out, F9 (Flyball, 89D)
Runner from 2nd tags up, SAFE at 3rd, no throw
Batting: RHB Jesús Capmany 0-0: Ball
1-0: Called Strike
1-1: Foul Ball, location: 2F
1-2: Strikes out swinging
Top of the 7th over - 0 runs, 1 hit, 0 errors, 2 left on base; Union City 4 - Phoenix 2
BOTTOM OF THE 7TH
Phoenix Hotspur Academy batting - Pitching for Union City Hillers : LHP Wally Blue
Batting: RHB Paco González 0-0: Called Strike
0-1: Ball
1-1: Fly out, F9 (Line Drive, 9)
Batting: LHB Pancho Coloma 0-0: Ball
1-0: Ball
2-0: Called Strike
2-1: Foul Ball, location: 2F
2-2: Ball
3-2: Fly out, F8 (Flyball, 8RS)
Batting: RHB Brit Davis 0-0: Ball
1-0: Ball
2-0: Ball
3-0: Base on Balls
Batting: RHB Brad Lamb 0-0: Fly out, F9 (Line Drive, 9D)
Bottom of the 7th over - 0 runs, 0 hits, 0 errors, 1 left on base; Union City 4 - Phoenix 2
TOP OF THE 8TH
Union City Hillers batting - Pitching for Phoenix Hotspur Academy : RHP Jorge Torres
Batting: RHB Steffen Jones 0-0: SINGLE (Line Drive, 8LS)
Batting: RHB Tony Juderías 0-0: Ball
1-0: Swinging Strike
1-1: Foul Ball, location: 2F
1-2: SINGLE (Groundball, 6MD)
Steffen Jones to second
Runner from 2nd tries for 3rd, SAFE, throw made to third
Batting: RHB Artur Nugaev 0-0: SINGLE (Line Drive, 6D)
Steffen Jones scores
Tony Juderías to second
Batting: RHB Guaire O'Clavin 0-0: Called Strike
0-1: Foul Ball, location: 2F
0-2: Foul Ball, location: 2F
0-2: Ball
1-2: Foul Ball, location: 2F
1-2: Ground out 6-3 (Groundball, 6S)
Tony Juderías to third
Artur Nugaev to second
Batting: SHB Mo Meaker 0-0: Called Strike
0-1: Ball
1-1: Foul Ball, location: 2F
1-2: Foul Ball, location: 2F
1-2: Strikes out swinging
Batting: RHB Arthur Cook 0-0: Ground out 4-3 (Groundball, 4MD)
Top of the 8th over - 1 run, 3 hits, 0 errors, 2 left on base; Union City 5 - Phoenix 2
BOTTOM OF THE 8TH
Phoenix Hotspur Academy batting - Pitching for Union City Hillers : LHP Wally Blue
Batting: RHB Nathan Pruitt 0-0: Called Strike
0-1: Swinging Strike
0-2: Fly out, F2 (Popup, 23F)
Batting: RHB Ronnie Wise 0-0: Ball
1-0: Swinging Strike
1-1: Ball
2-1: Ball
3-1: Foul Ball, location: 2F
3-2: Strikes out swinging
Batting: LHB Daniel Joseph 0-0: Called Strike
0-1: Foul Ball, location: 2F
0-2: Ball
1-2: Ball
2-2: Ball
3-2: Foul Ball, location: 2F
3-2: Strikes out swinging
Bottom of the 8th over - 0 runs, 0 hits, 0 errors, 0 left on base; Union City 5 - Phoenix 2
TOP OF THE 9TH
Union City Hillers batting - Pitching for Phoenix Hotspur Academy : RHP Jorge Torres
Batting: RHB Joe Gram 0-0: Foul Ball, location: 2F
0-1: Ball
1-1: Foul Ball, location: 2F
1-2: SINGLE (Line Drive, 6M)
Batting: LHB Seb Blanch 0-0: Called Strike
0-1: Foul Ball, location: 2F
0-2: Ball
1-2: Strikes out swinging
Batting: RHB Jesús Capmany 0-0: Ball
1-0: Ball
2-0: Called Strike
2-1: Foul Ball, location: 2F
2-2: Strikes out swinging
Batting: RHB Steffen Jones 0-0: Foul Ball, location: 2F
0-1: Foul Ball, location: 2F
0-2: Ball
1-2: Strikes out swinging
Top of the 9th over - 0 runs, 1 hit, 0 errors, 1 left on base; Union City 5 - Phoenix 2
BOTTOM OF THE 9TH
Phoenix Hotspur Academy batting - Pitching for Union City Hillers : LHP Wally Blue
Pitching: RHP César Torres
Batting: RHB Frank Ray 0-0: Called Strike
0-1: Ball
1-1: Called Strike
1-2: Strikes out looking
Batting: SHB Bernardo Pacheco 0-0: Foul Ball, location: 2F
0-1: Foul Ball, location: 2F
0-2: Ball
1-2: Foul Ball, location: 2F
1-2: Strikes out swinging
Batting: RHB Paco González 0-0: Ball
1-0: Swinging Strike
1-1: Ground out 5-3 (Groundball, 56S)
Bottom of the 9th over - 0 runs, 0 hits, 0 errors, 0 left on base; Union City 5 - Phoenix 2
Friday, March 29th, 2019 - OOTP Baseball 18.8 Build 76